 Seeded DCSS version 0.29.1-12-g30fa7ad0bf (webtiles) character file.

Game seed: 20230107 (custom seed)

216506 stormannn the Blocker (level 19, -2/153 HPs)
             Began as a Gnoll Fighter on Jan 7, 2023.
             Was an Initiate of Gozag.
             Slain by a merfolk
             ... wielding a +4 trident of venom
              (6 damage)
             ... on level 4 of the Shoals on Jan 8, 2023.
             The game lasted 02:59:30 (44459 turns).

stormannn the Blocker (Gnoll Fighter)              Turns: 44459, Time: 02:59:30

Health: -2/153     AC: 28    Str: 18    XL:     19   Next: 5%
Magic:  36/36      EV: 18    Int: 13    God:    Gozag
Gold:   3774       SH: 21    Dex: 20    Spells: 36/44 levels left

rFire   . . .      SeeInvis +   o - +10 hand axe "Waume" {speed, rF+ rC+ rCorr}
rCold   + . .      Faith    .   Q - +2 kite shield {rPois}
rNeg    + . .      Spirit   .   H - +1 chain mail "Gamanaug" {+Blink Dex+8 Stlth-}
rPois   +          Reflect  +   V - +1 helmet "Puceteuck" {rElec rF- rCorr Slay+5}
rElec   +          Harm     .   p - +2 cloak
rCorr   +          Rampage  .   I - +2 pair of gloves "Feiwni" {Fly rPois rN+ Str-2}
Will    .....                   t - +1 pair of boots {Stlth+}
Stlth   +.........              e - amulet of reflection
HPRegen 0.35/turn               u - +4 ring of evasion
MPRegen 0.25/turn               M - +6 ring of strength

@: lit by a corona, weak-willed, gold aura, flying, glowing
A: fangs 1, strong nose, distributed training, iridescent scales 1, see
invisible, dopey 1, weak 1
}: 1/15 runes: gossamer
a: Renounce Religion, Evoke Blink, Potion Petition, Call Merchant, Bribe Branch


You were on level 4 of the Shoals.
You worshipped Gozag.
Gozag was most pleased with you.
You visited 7 branches of the dungeon, and saw 31 of its levels.
You visited 1 bazaar.
You also visited: Sewer.

You collected 12109 gold pieces.
You spent 1702 gold pieces at shops.
You paid 6633 gold pieces to Gozag.

Inventory:

Hand Weapons
 h - a +1 demon whip of venom
 o - the +10 hand axe "Waume" (weapon) {speed, rF+ rC+ rCorr}
   (You found it on level 5 of the Dungeon)

   Attacks with this weapon are significantly faster.
   rF:        It protects you from fire.
   rC:        It protects you from cold.
   rCorr:     It protects you from acid and corrosion.
 v - the +10 morningstar "Eos" {elec, Halo rElec}
   (You found it on level 3 of the Elven Halls)

   It occasionally discharges a powerful burst of electricity upon striking a
   foe.
   It grants its wielder a halo, revealing invisible creatures and increasing
   accuracy against all within it other than the wielder.
   rElec:     It insulates you from electricity.
 B - a +3 scimitar of flaming
 K - the +5 trident of Callousness {drain, rN+ Str+4 Dex+5}
   (You found it on level 1 of the Spider Nest)

   A truly terrible weapon, it drains the life of any living foe it strikes.
   Str:       It affects your strength (+4).
   Dex:       It affects your dexterity (+5).
   rN:        It protects you from negative energy.
 T - the +12 long sword of Circularity {vorpal, rN+ Will+ rCorr Dex-4}
   (You found it on level 4 of the Spider Nest)

   It inflicts extra damage upon your enemies.
   Dex:       It affects your dexterity (-4).
   rN:        It protects you from negative energy.
   rCorr:     It protects you from acid and corrosion.
   Will:      It increases your willpower.
Missiles
 D - 17 poisoned darts (quivered)
 G - 10 curare-tipped darts
 L - 14 javelins
 O - 3 throwing nets
 P - 4 silver javelins
Armour
 p - a +2 cloak (worn)
 t - a +1 pair of boots of stealth (worn)
 H - the +1 chain mail "Gamanaug" (worn) {+Blink Dex+8 Stlth-}
   (You bought it in a shop on level 9 of the Dungeon)

   Dex:       It affects your dexterity (+8).
   +Blink:    It lets you blink.
   Stlth:     It makes you less stealthy.
 I - the +2 pair of gloves "Feiwni" (worn) {Fly rPois rN+ Str-2}
   (You found it on level 1 of the Elven Halls)

   Str:       It affects your strength (-2).
   rPois:     It protects you from poison.
   rN:        It protects you from negative energy.
   Fly:       It grants you flight.
 Q - a +2 kite shield of poison resistance (worn)
 V - the +1 helmet "Puceteuck" (worn) {rElec rF- rCorr Slay+5}
   (You bought it in a shop on level 2 of the Orcish Mines)

   Slay:      It affects your accuracy & damage with ranged weapons and melee
   (+5).
   rF:        It makes you vulnerable to fire.
   rElec:     It insulates you from electricity.
   rCorr:     It protects you from acid and corrosion.
Jewellery
 e - an amulet of reflection (around neck)
 m - the ring of Duuga {Wiz Fly rElec}
   (You found it on level 1 of the Shoals)

   [ring of wizardry]

   It improves your spell success rate.
   rElec:     It insulates you from electricity.
   Fly:       It grants you flight.
 r - the ring "Urytruhi" {rPois rF++ rC+ Will-}
   (You found it on level 3 of the Elven Halls)

   [ring of protection from cold]

   rF:        It greatly protects you from fire.
   rC:        It protects you from cold.
   rPois:     It protects you from poison.
   Will:      It decreases your willpower.
 u - a +4 ring of evasion (left hand)
 M - a +6 ring of strength (right hand)
 S - a ring of willpower
Wands
 n - a wand of roots (30)
 q - a wand of quicksilver (18)
 s - a wand of flame (79)
 w - a wand of charming (9)
 U - a wand of polymorph (3)
Scrolls
 b - 11 scrolls of identify
 d - 4 scrolls of enchant weapon
 g - 5 scrolls of noise
 j - 5 scrolls of enchant armour
 k - 15 scrolls of teleportation
 x - 8 scrolls of vulnerability
 y - 4 scrolls of fear
 C - 2 scrolls of magic mapping
 E - 2 scrolls of blinking
 R - a scroll of amnesia
 X - 5 scrolls of fog
 Y - 2 scrolls of summoning
 Z - a scroll of silence
Potions
 a - 12 potions of curing
 i - a potion of might
 l - 5 potions of brilliance
 z - 3 potions of cancellation
 A - 5 potions of magic
 J - 7 potions of ambrosia
 N - 4 potions of invisibility
 W - 4 potions of haste
Miscellaneous
 f - a tin of tremorstones (1/2)
 F - a condenser vane (inert)


   Skills:
 + Level 14.6 Fighting
 + Level 13.2 Short Blades
 + Level 13.2 Long Blades
 + Level 13.2 Axes
 + Level 13.2 Maces & Flails
 + Level 13.2 Polearms
 + Level 13.2 Staves
 + Level 13.2 Ranged Weapons
 + Level 13.2 Throwing
 + Level 14.6 Armour
 + Level 13.2 Dodging
 + Level 13.2 Stealth
 + Level 14.6 Shields
 + Level 14.0 Unarmed Combat
 + Level 13.2 Spellcasting
 + Level 11.2 Conjurations
 + Level 11.2 Hexes
 + Level 11.2 Summonings
 + Level 11.2 Necromancy
 + Level 11.2 Translocations
 + Level 11.2 Transmutations
 + Level 11.2 Fire Magic
 + Level 11.2 Ice Magic
 + Level 11.2 Air Magic
 + Level 11.2 Earth Magic
 + Level 11.2 Poison Magic
 + Level 14.3 Invocations
 + Level 13.2 Evocations


You had 36 spell levels left.
You knew the following spells:

 Your Spells              Type           Power      Damage    Failure   Level
a - Ozocubu's Armour      Ice            37%        N/A       2%          3
b - Mephitic Cloud        Conj/Pois/Air  37%        N/A       2%          3
c - Ensorcelled Hibernat  Hex/Ice        74%        N/A       1%          2

Your spell library contained the following spells:

 Spells                   Type           Power      Damage    Failure   Level
 Apportation              Tloc           74%        N/A       1%          1
 Freeze                   Ice            100%       1d11      1%          1
 Magic Dart               Conj           100%       1d8       1%          1
 Sandblast                Erth           74%        2d16      1%          1
 Shock                    Conj/Air       100%       1d9       1%          1
 Summon Small Mammal      Summ           100%       N/A       1%          1
 Call Imp                 Summ           37%        N/A       1%          2
 Passwall                 Tmut/Erth      30%        N/A       1%          2
 Sublimation of Blood     Necr           37%        N/A       1%          2
 Call Canine Familiar     Summ           37%        N/A       2%          3
 Conjure Flame            Conj/Fire      37%        6-21      2%          3
 Frozen Ramparts          Ice            74%        1d12      2%          3
 Ignite Poison            Fire/Tmut/Pois 37%        N/A       2%          3
 Inner Flame              Hex/Fire       37%        N/A       2%          3
 Stone Arrow              Conj/Erth      74%        3d11      2%          3
 Summon Guardian Golem    Hex/Summ       37%        N/A       2%          3
 Swiftness                Air            37%        N/A       2%          3
 Cause Fear               Hex            18%        N/A       10%         4
 Hailstorm                Conj/Ice       37%        3d9       10%         4
 Ice Form                 Ice/Tmut       37%        N/A       10%         4
 Leda's Liquefaction      Hex/Erth       18%        N/A       10%         4
 Petrify                  Tmut/Erth      37%        N/A       10%         4
 Sticky Flame             Conj/Fire      37%        2d6       10%         4
 Summon Ice Beast         Ice/Summ       37%        N/A       10%         4
 Summon Lightning Spire   Summ/Air       37%        N/A       10%         4
 Alistair's Intoxication  Tmut/Pois      24%        N/A       26%         5
 Fireball                 Conj/Fire      18%        3d9       26%         5
 Irradiate                Conj/Tmut      18%        3d17      26%         5
 Iskenderun's Battlesphe  Conj           37%        2d9       26%         5
 Lee's Rapid Deconstruct  Erth           18%        3d12*     26%         5
 Metabolic Englaciation   Hex/Ice        18%        N/A       26%         5
 Summon Forest            Summ/Tloc      18%        N/A       26%         5
 Summon Mana Viper        Hex/Summ       37%        N/A       26%         5
 Conjure Ball Lightning   Conj/Air       18%        3x3d6     82%         6
 Statue Form              Tmut/Erth      24%        N/A       82%         6
 Summon Cactus Giant      Summ           18%        N/A       82%         6
 Haunt                    Necr/Summ      18%        N/A       100%        7
 Orb of Destruction       Conj           18%        9d8       100%        7
 Ozocubu's Refrigeration  Ice            18%        4d11      100%        7
 Spellforged Servitor     Conj/Summ      18%        N/A       100%        7
 Storm Form               Tmut/Air       18%        N/A       100%        7
 Discord                  Hex            18%        N/A       100%        8
 Infestation              Necr           18%        N/A       100%        8
 Maxwell's Capacitive Co  Air            18%        ∞         100%        8
 Animate Dead             Necr           Unusable   N/A       N/A         4
 Simulacrum               Ice/Necr       Unusable   N/A       N/A         6

Dungeon Overview and Level Annotations

Branches:
Dungeon (12/15)            Temple (1/1) D:4            Lair (5/5) D:10
 Shoals (4/4) Lair:3       Spider (4/4) Lair:3        Slime (0/5) Lair:5
    Orc (2/2) D:9             Elf (3/3) Orc:2         Sewer (visited)

Altars:
Ashenzari
Cheibriados
Dithmenos
Elyvilon
Fedhas
Gozag
Hepliaklqana
Kikubaaqudgha
Makhleb
Nemelex Xobeh
Okawaru
Qazlal
Ru
Sif Muna
Trog
Uskayaw
Vehumet
Wu Jian
Xom
Yredelemnul
Zin
The Shining One
Jiyva

Shops:
D:9 [   Orc:2 *[*[!   Elf:3 (

Annotations:
D:6 3 runed translucent doors, 0gre's ghost, novice GnIE
Lair:5 exclusion: ice statue
Shoals:4 Mara
Spider:3 3 runed translucent doors, croobank's ghost, journeyman FeSu
Elf:2 3 runed translucent doors


Innate Abilities, Weirdness & Mutations

You have very sharp teeth.
Your uncanny sense of smell can sniff out nearby items.
Your experience applies equally to all skills.
You are partially covered in iridescent scales. (AC +2)
You have supernaturally acute eyesight. (SInv)
You are dopey. (Int -2)
You are weak. (Str -2)


Message History

Stormannn's illusion closely misses you.
The snapping turtle closely misses you.
The faun shoots a sling bullet.
You reflect the sling bullet off an invisible shield around you!
The sling bullet hits the faun!
You block the merfolk's attack.
Unknown command.
Unknown command.
Press: ? - help, v - describe, . - travel, g - get item
Here: stormannn's illusion, wielding a weapon of draining (noxious fumes)
Items here: 7 gold pieces; a +0 spear; a +0 longbow.
The floor, spattered with blood.
Unknown command.
Okay, then.
Reach: K) +5 trident of Callousness {drain, rN+ Str+4 Dex+5}
Press: ? - help, Dir - move target, f/p - snapping turtle
Aim: a snapping turtle (almost dead, lightly drained, about 12% to evade the +5 trident of Callousness)
You reach to attack!
You hit the snapping turtle. You drain the snapping turtle.
The snapping turtle is almost dead.
Mara gestures at you. The bolt of fire hits you!!!!
The fire burns you terribly!
Mara hits you with a +1 demon blade of flaming!
Mara burns you.
You block stormannn's illusion's attack.
The snapping turtle completely misses you.
Your hands tingle!
o - the +10 hand axe "Waume" (weapon)
{speed, rF+ rC+ rCorr} You block the merfolk's attack.
Unknown command.
Mara blinks!
Mara hits you with a +1 demon blade of flaming!!
* * * LOW HITPOINT WARNING * * *
Mara burns you!!
* * * LOW HITPOINT WARNING * * *
Stormannn's illusion gestures at you while chanting.
You are unaffected.
You block the snapping turtle's attack.
The faun unwields a +0 sling.
The faun wields a +0 spear.
The faun barely misses you. You block the merfolk's attack.
The merfolk hits you from afar with a +4 trident of venom.
You die...
Your body crumbles into a pile of gold.

.~~~~~~~~~....~$~~≈≈≈≈
.~≈~~~~~~~...$.$~~~≈≈≈
~~≈≈≈~~~~~......~~~~≈≈
.~≈≈§~~~~.........~~~~
~~≈~~§$~~...?$.....~~~
~~~~...~~c....R..<.~~~~
~~~~...)~tm.......~~~~~
≈~~.#..mRc@.......~~~~~
≈~~.###.§@.##.....~~~~~
≈~~ #.☼.R$c......~~~~
≈~ ##...##.$........
≈~~. ##..##.$$...##..
≈≈~~ #..###.~........
≈≈~~~ #### #[~~....#..
≈≈≈~. #.$$....## ≈≈≈~..
###.$$...PP#
≈≈≈~..#####...........~


You could see 3 Maras, a snapping turtle (very drained), 2 merfolk, 3 fauns and
stormannn's illusion.

Vanquished Creatures
  Saint Roka (Orc:2)
  A deep elf master archer (Elf:3)
  A kraken (Shoals:1)
  Agnes (Spider:2)
  Polyphemus (Shoals:3)
  Kirke (D:12)
  2 deep elf sorcerers (Elf:3)
  Aizul (Spider:2)
  An emperor scorpion (Spider:3)
  6 ghost moths
  A deep elf elementalist (Elf:3)
  3 broodmothers
  4 elemental wellsprings (Shoals:2)
  A deep elf annihilator (Elf:3)
  5 deep elf demonologists
  2 spark wasps
  3 entropy weavers
  A merfolk javelineer (Shoals:2)
  A deep elf death mage (Elf:3)
  3 merfolk impalers
  An ice dragon (Lair:5)
  A deep elf high priest (Elf:3)
  2 hydras
  2 boulder beetles
  2 two-headed ogres
  Erica (D:8)
  7 merfolk aquamancers
  5 radroaches
  A catoblepas (Shoals:3)
  12 dancing weapons
  18 death yaks
  4 satyrs
  Urug (D:12)
  2 orc high priests
  Amaemon (D:8)
  6 deep elf knights
  3 skeletal warriors (D:12)
  8 pharaoh ants
  A sun moth (Spider:4)
  3 steelbarb worms
  11 sea snakes
  8 orb spiders
  6 deep elf archers
  A harpy (Shoals:3)
  16 deep elf zephyrmancers
  An ugly thing (D:11)
  3 orc sorcerers
  22 deep elf pyromancers
  19 fauns
  2 orc knights
  31 wolf spiders
  12 manticores
  6 cyclopes
  13 elephants
  Joseph (D:8)
  A moth of wrath (Spider:3)
  11 merfolk sirens
  4 torpor snails
  2 black mambas
  A gargoyle (D:11)
  6 water nymphs
  An orange demon (D:8)
  Maggie (D:8)
  11 cane toads
  3 rime drakes
  14 demonic crawlers
  An unseen horror (D:12)
  A troll (Orc:2)
  7 komodo dragons
  8 meliai
  3 wind drakes
  33 merfolk
  6 hornets
  Grinder (D:3)
  7 polar bears
  17 tarantellas
  2 dream sheep (Shoals:1)
  5 blink frogs (Lair:1)
  6 snapping turtles
  25 jumping spiders
  7 slime creatures (D:12)
  5 air elementals
  2 vampires
  33 culicivoras
  12 spriggans (Lair:5)
  5 wyverns
  2 shadows
  20 water elementals
  32 yaks
  2 hogs (D:12)
  3 wraiths
  Grum (D:8)
  3 basilisks
  2 steam dragons
  2 fire elementals
  58 redbacks
  4 vampire mosquitoes (D:12)
  5 wargs
  An acid dragon (D:12)
  Duvessa (D:4)
  A floating eye (shapeshifter) (Elf:3)
  A floating eye (Elf:3)
  7 water moccasins
  6 black bears
  2 sky beasts (D:7)
  41 orc warriors
  A swamp drake (D:9)
  10 ice beasts
  6 ogres
  21 wolves
  4 boggarts (Lair:5)
  14 centaurs
  A phantom (D:5)
  7 kobold brigands
  2 necrophages
  2 scorpions
  4 earth elementals
  9 bullfrogs
  12 wights
  Dowan (D:4)
  18 killer bees
  11 howler monkeys
  3 electric eels (D:9)
  5 hounds
  2 gnoll boudas
  An iron imp (Spider:3)
  13 orc priests
  Ijyb (D:3)
  2 iguanas
  Natasha (thrice) (D:3)
  13 hell rats
  23 orc wizards
  Robin (D:2)
  12 gnolls
  10 adders
  13 river rats
  2 shadow imps
  6 white imps
  9 worms
  72 orcs
  6 endoplasms
  5 giant cockroaches
  9 goblins
  11 hobgoblins
  18 jackals
  2 quokkas
  13 ball pythons
  2 bats
  3 frilled lizards
  17 kobolds
  10 rats
  2 butterflies (Lair:2)
  3 tentacles (Shoals:1)
1123 creatures vanquished.

Vanquished Creatures (collateral kills)
  A deep elf annihilator (Elf:3)
  A deep elf high priest (Elf:3)
2 creatures vanquished.

Vanquished Creatures (others)
  2 deep elf master archers (Elf:3)
  3 deep elf blademasters (Elf:3)
  3 deep elf sorcerers (Elf:3)
  2 deep elf elementalists (Elf:3)
  8 deep elf annihilators (Elf:3)
  A deep elf death mage (Elf:3)
  A deep elf high priest (Elf:3)
  An orc high priest (Elf:2)
  A dancing weapon (Elf:2)
  A deep elf knight (Elf:2)
  3 deep elf archers
  8 deep elf pyromancers
  2 deep elf zephyrmancers
  A manticore (D:11)
  A merfolk (Shoals:4)
  A tarantella (Spider:1)
  A warg (Elf:2)
  A floating eye (Elf:3)
  An orc warrior (Orc:2)
  An orc wizard (Elf:2)
  6 orcs
  31 fungi
  280 plants
  20 tentacles (Shoals:1)
380 creatures vanquished.

Grand Total: 1505 creatures vanquished

Notes
Turn   | Place    | Note
-------+----------+-------------------------------------------
     0 | D:1      | stormannn the Gnoll Fighter began the quest for the Orb.
     0 | D:1      | Reached XP level 1. HP: 23/23 MP: 1/1
   183 | D:1      | Reached XP level 2. HP: 18/29 MP: 2/2
   538 | D:1      | Reached XP level 3. HP: 34/35 MP: 3/3
   663 | D:1      | Reached skill level 1 in Invocations
  1203 | D:2      | Found a faded altar of an unknown god.
  1406 | D:2      | Reached skill level 1 in Short Blades
  1406 | D:2      | Reached skill level 1 in Long Blades
  1406 | D:2      | Reached skill level 1 in Axes
  1406 | D:2      | Reached skill level 1 in Maces & Flails
  1406 | D:2      | Reached skill level 1 in Polearms
  1406 | D:2      | Reached skill level 1 in Staves
  1406 | D:2      | Reached skill level 1 in Ranged Weapons
  1406 | D:2      | Reached skill level 1 in Throwing
  1406 | D:2      | Reached skill level 1 in Dodging
  1406 | D:2      | Reached skill level 1 in Stealth
  1406 | D:2      | Reached skill level 1 in Spellcasting
  1406 | D:2      | Reached skill level 1 in Evocations
  1406 | D:2      | Reached XP level 4. HP: 41/41 MP: 5/5
  1687 | D:2      | Reached skill level 1 in Conjurations
  1687 | D:2      | Reached skill level 1 in Hexes
  1687 | D:2      | Reached skill level 1 in Summonings
  1687 | D:2      | Reached skill level 1 in Necromancy
  1687 | D:2      | Reached skill level 1 in Translocations
  1687 | D:2      | Reached skill level 1 in Transmutations
  1687 | D:2      | Reached skill level 1 in Fire Magic
  1687 | D:2      | Reached skill level 1 in Ice Magic
  1687 | D:2      | Reached skill level 1 in Air Magic
  1687 | D:2      | Reached skill level 1 in Earth Magic
  1687 | D:2      | Reached skill level 1 in Poison Magic
  1687 | D:2      | Noticed Robin
  1698 | D:2      | Killed Robin
  2373 | D:3      | Noticed Natasha
  2389 | D:3      | Killed Natasha
  2390 | D:3      | Reached XP level 5. HP: 32/47 MP: 7/7
  2422 | D:3      | Noticed Natasha
  2428 | D:3      | Killed Natasha
  2740 | D:3      | Noticed Ijyb
  2787 | D:3      | Killed Ijyb
  2947 | D:3      | Learned a level 3 spell: Ozocubu's Armour
  2963 | D:3      | Identified the +0 leather armour "Duarecw" {rN+ Int+2}
  3297 | D:3      | Noticed Natasha
  3305 | D:3      | Killed Natasha
  3306 | D:3      | Reached XP level 6. HP: 44/53 MP: 8/8
  3310 | D:3      | Noticed Grinder
  3326 | D:3      | Paralysed by Grinder for 4 turns
  3338 | D:3      | Killed Grinder
  3339 | D:3      | Reached skill level 5 in Unarmed Combat
  4058 | D:4      | Reached XP level 7. HP: 56/60 MP: 10/10
  4146 | D:4      | Found a staircase to the Ecumenical Temple.
  4147 | D:4      | Noticed Dowan
  4157 | D:4      | Killed Dowan
  4180 | Temple   | Entered the Ecumenical Temple
  4180 | Temple   | Found a transporter.
  4180 | Temple   | Found a transporter.
  4182 | Temple   | Found a transporter.
  4182 | Temple   | Found a transporter.
  4337 | Temple   | Became a worshipper of Gozag Ym Sagoz the Greedy
  4521 | D:4      | Noticed Duvessa
  4535 | D:4      | Gained mutation: You have supernaturally acute eyesight.
                  | (SInv) [potion of mutation]
  4535 | D:4      | Gained mutation: You are dopey. (Int -2) [potion of
                  | mutation]
  4539 | D:4      | Killed Duvessa
  4848 | D:5      | Entered Level 5 of the Dungeon
  4999 | D:5      | Reached XP level 8. HP: 67/67 MP: 12/12
  5011 | D:5      | Identified the +10 hand axe "Waume" {speed, rF+ rC+ rCorr}
  5980 | D:6      | Identified the +1 robe of a ziggurat {Rampage Fly Int-3
                  | Stlth+}
  6072 | D:6      | Found a glowing drain.
  6076 | Sewer    | Entered a sewer
  6725 | D:6      | Identified a scroll of acquirement
  6725 | D:6      | Acquired a book of the Wilderness
  6967 | D:6      | Reached XP level 9. HP: 73/73 MP: 13/15
  7243 | D:6      | Found a runed translucent gate.
  7244 | D:6      | Found a runed translucent gate.
  7244 | D:6      | Noticed 0gre's ghost (novice GnIE)
  7245 | D:6      | Found a runed translucent gate.
  7686 | D:7      | Found a snail-covered altar of Cheibriados.
  7904 | D:7      | Reached skill level 5 in Invocations
  8445 | D:7      | Found a radiant altar of Vehumet.
  8707 | D:7      | Reached skill level 5 in Short Blades
  8707 | D:7      | Reached skill level 5 in Long Blades
  8707 | D:7      | Reached skill level 5 in Axes
  8707 | D:7      | Reached skill level 5 in Maces & Flails
  8707 | D:7      | Reached skill level 5 in Polearms
  8707 | D:7      | Reached skill level 5 in Staves
  8707 | D:7      | Reached skill level 5 in Ranged Weapons
  8707 | D:7      | Reached skill level 5 in Throwing
  8707 | D:7      | Reached skill level 5 in Dodging
  8707 | D:7      | Reached skill level 5 in Stealth
  8707 | D:7      | Reached skill level 5 in Spellcasting
  8707 | D:7      | Reached skill level 5 in Evocations
  8707 | D:7      | Reached XP level 10. HP: 81/81 MP: 17/17
  8965 | D:8      | Noticed Erica
  8982 | D:8      | Killed Erica
  9194 | D:8      | Noticed Grum
  9210 | D:8      | Killed Grum
  9453 | D:8      | Noticed Joseph
  9457 | D:8      | Noticed Amaemon
  9458 | D:8      | Noticed an orange demon
  9505 | D:8      | Killed Joseph
  9519 | D:8      | Killed an orange demon
  9873 | D:8      | Killed Amaemon
 10248 | D:8      | Noticed a cyclops
 10269 | D:8      | Killed a cyclops
 10270 | D:8      | Reached skill level 5 in Conjurations
 10270 | D:8      | Reached skill level 5 in Hexes
 10270 | D:8      | Reached skill level 5 in Summonings
 10270 | D:8      | Reached skill level 5 in Necromancy
 10270 | D:8      | Reached skill level 5 in Translocations
 10270 | D:8      | Reached skill level 5 in Transmutations
 10270 | D:8      | Reached skill level 5 in Fire Magic
 10270 | D:8      | Reached skill level 5 in Ice Magic
 10270 | D:8      | Reached skill level 5 in Air Magic
 10270 | D:8      | Reached skill level 5 in Earth Magic
 10270 | D:8      | Reached skill level 5 in Poison Magic
 10270 | D:8      | Reached XP level 11. HP: 89/89 MP: 20/20
 10488 | D:8      | Noticed Maggie
 10496 | D:8      | Killed Maggie
 10879 | D:9      | Noticed a two-headed ogre
 10922 | D:9      | Killed a two-headed ogre
 11470 | D:9      | Noticed a boulder beetle
 11495 | D:9      | Killed a boulder beetle
 11513 | D:9      | Noticed a cyclops
 11538 | D:9      | Killed a cyclops
 12075 | D:9      | Found a staircase to the Orcish Mines.
 12378 | D:9      | Bought a pair of glowing boots for 195 gold pieces
 12383 | D:9      | Bought a transparent chain mail for 247 gold pieces
 12383 | D:9      | Identified the +1 chain mail "Gamanaug" {+Blink Dex+8
                  | Stlth-} (You bought it in a shop on level 9 of the Dungeon)
 12405 | D:10     | Entered Level 10 of the Dungeon
 12405 | D:10     | Found a staircase to the Lair.
 12689 | D:10     | Found a shimmering blue altar of Sif Muna.
 13036 | Lair:1   | Entered Level 1 of the Lair of Beasts
 13324 | Lair:1   | Reached XP level 12. HP: 83/97 MP: 22/22
 14713 | Lair:2   | Reached skill level 10 in Fighting
 14713 | Lair:2   | Reached skill level 10 in Armour
 14713 | Lair:2   | Reached skill level 10 in Shields
 15729 | Lair:3   | Found a hole to the Spider Nest.
 15881 | Lair:3   | Noticed a four-headed hydra
 15908 | Lair:3   | Killed a one-headed hydra
 16183 | Lair:3   | Found a staircase to the Shoals.
 16572 | Lair:3   | Reached XP level 13. HP: 100/104 MP: 25/25
 18003 | Lair:5   | Entered Level 5 of the Lair of Beasts
 18355 | Lair:5   | Noticed an ice dragon
 18383 | Lair:5   | Killed an ice dragon
 18784 | Lair:4   | Reached skill level 10 in Unarmed Combat
 19685 | Lair:5   | Reached XP level 14. HP: 111/113 MP: 27/27
 19762 | Lair:5   | Reached skill level 10 in Invocations
 19774 | Lair:5   | Found a viscous altar of Jiyva.
 19774 | Lair:5   | Found a staircase to the Slime Pits.
 21193 | Orc:1    | Entered Level 1 of the Orcish Mines
 21369 | Orc:2    | Entered Level 2 of the Orcish Mines
 21462 | Orc:2    | Found a staircase to the Elven Halls.
 22377 | Orc:2    | Found Bekhops's Overcharged Wands.
 22422 | Orc:2    | Noticed Saint Roka
 22517 | Orc:2    | Killed Saint Roka
 23055 | Orc:2    | HP: 3/114 [orc warrior/+0 battleaxe (23)]
 23467 | Orc:2    | Paralysed by an orc sorcerer for 4 turns
 23494 | Orc:2    | Paralysed by an orc sorcerer for 3 turns
 23550 | Orc:2    | Found Kyefril's Armour Emporium.
 23550 | Orc:2    | Found Vytruttuba's General Store.
 23553 | Orc:2    | Found Kaxec's Antique Armour Shop.
 23555 | Orc:2    | Found Nuiph's Distillery.
 23595 | Orc:2    | Bought a slimy helmet for 313 gold pieces
 23595 | Orc:2    | Identified the +1 helmet "Puceteuck" {rElec rF- rCorr
                  | Slay+5} (You bought it in a shop on level 2 of the Orcish
                  | Mines)
 23615 | Orc:2    | Bought 2 potions of heal wounds for 130 gold pieces
 23615 | Orc:2    | Bought a potion of haste for 130 gold pieces
 24446 | D:11     | Reached skill level 10 in Short Blades
 24446 | D:11     | Reached skill level 10 in Long Blades
 24446 | D:11     | Reached skill level 10 in Axes
 24446 | D:11     | Reached skill level 10 in Maces & Flails
 24446 | D:11     | Reached skill level 10 in Polearms
 24446 | D:11     | Reached skill level 10 in Staves
 24446 | D:11     | Reached skill level 10 in Ranged Weapons
 24446 | D:11     | Reached skill level 10 in Throwing
 24446 | D:11     | Reached skill level 10 in Dodging
 24446 | D:11     | Reached skill level 10 in Stealth
 24446 | D:11     | Reached skill level 10 in Spellcasting
 24446 | D:11     | Reached skill level 10 in Evocations
 24764 | D:11     | Reached XP level 15. HP: 120/120 MP: 29/29
 25210 | D:12     | Noticed Kirke
 25241 | D:12     | Noticed a sphinx
 25668 | D:12     | Noticed Urug
 25692 | D:12     | Killed Urug
 25786 | D:12     | Killed Kirke
 26150 | Elf:1    | Entered Level 1 of the Elven Halls
 26155 | Elf:1    | Paralysed by an air elemental for 1 turns
 26175 | Elf:1    | Paralysed by an air elemental for 1 turns
 26191 | Elf:1    | Paralysed by an air elemental for 1 turns
 26259 | Elf:1    | Identified the +2 pair of gloves "Feiwni" {Fly rPois rN+
                  | Str-2}
 26326 | Elf:1    | Noticed an Ice Fiend
 26399 | Elf:1    | Got Moudeg's Textbook on the Commander
 26510 | Elf:1    | Found a flickering gateway to a bazaar.
 26516 | Bazaar   | Entered a bazaar
 26516 | Bazaar   | Found Qoicoum's Distillery.
 26516 | Bazaar   | Found Zecota Ileo's Jewellery Emporium.
 26635 | Bazaar   | Found Faem's Antique Armour Boutique.
 26654 | Bazaar   | Found Zuovvel's Antique Weapon Shoppe.
 26664 | Bazaar   | Found Catoer's General Store.
 26692 | Bazaar   | Bought a runed kite shield for 142 gold pieces
 26692 | Bazaar   | Bought a steaming scale mail for 171 gold pieces
 26692 | Bazaar   | Identified the +1 scale mail of the Dice {Rampage Drain
                  | rPois SInv} (You bought it in a shop in a bazaar)
 28114 | Elf:2    | Found a runed translucent gate.
 28114 | Elf:2    | Found a runed translucent gate.
 28114 | Elf:2    | Found a runed translucent gate.
 28243 | Elf:3    | Entered Level 3 of the Elven Halls
 28640 | Elf:3    | Found Faabefoenn's Antique Weapon Emporium.
 28684 | Elf:3    | Reached XP level 16. HP: 129/129 MP: 30/30
 28695 | Elf:3    | Paralysed by a floating eye for 2 turns
 28700 | Elf:3    | Paralysed by a floating eye for 3 turns
 28910 | Elf:3    | Paralysed by an air elemental for 1 turns
 29524 | Elf:3    | Noticed a deep elf blademaster
 29532 | Elf:3    | Killed a deep elf blademaster
 29539 | Elf:3    | Noticed a deep elf master archer
 29543 | Elf:3    | Noticed a deep elf blademaster
 29545 | Elf:3    | Noticed a deep elf master archer
 29554 | Elf:3    | Identified the +9 trident of War {distort, rC+ rCorr}
 29555 | Elf:3    | Killed a deep elf master archer
 29562 | Elf:3    | Killed a deep elf blademaster
 29578 | Elf:3    | Noticed a deep elf master archer
 29583 | Elf:3    | Noticed a deep elf blademaster
 29584 | Elf:3    | Killed a deep elf master archer
 29607 | Elf:3    | Killed a deep elf blademaster
 29613 | Elf:3    | Killed a deep elf master archer
 29874 | Elf:3    | Paralysed by a floating eye for 4 turns
 29930 | Elf:3    | Identified the +8 spear of Cyeczogg {flame, rF+ MP+9}
 29960 | Elf:3    | Got the Verses on the Lithic Squall
 30062 | Elf:3    | Identified the ring "Urytruhi" {rPois rF++ rC+ Will-}
 30157 | Elf:3    | Bought a buzzing rapier for 198 gold pieces
 30157 | Elf:3    | Identified the +4 rapier "Fijiwecs" {antimagic, rPois
                  | Int+7} (You bought it in a shop on level 3 of the Elven
                  | Halls)
 30159 | Elf:3    | Bought an ancient shortbow for 176 gold pieces
 30159 | Elf:3    | Identified the +5 shortbow of Death {venom, rC+ Int+2} (You
                  | bought it in a shop on level 3 of the Elven Halls)
 31396 | Spider:1 | Entered Level 1 of the Spider Nest
 31455 | Spider:1 | Learned a level 3 spell: Mephitic Cloud
 32580 | Spider:1 | Identified the +5 trident of Callousness {drain, rN+ Str+4
                  | Dex+5}
 32991 | Spider:2 | Noticed Aizul
 33034 | Spider:2 | Killed Aizul
 33069 | Spider:2 | Reached XP level 17. HP: 57/137 MP: 32/32
 33451 | Spider:2 | Noticed Agnes
 33462 | Spider:2 | Killed Agnes
 33499 | Spider:2 | Reached skill level 10 in Conjurations
 33499 | Spider:2 | Reached skill level 10 in Hexes
 33499 | Spider:2 | Reached skill level 10 in Summonings
 33499 | Spider:2 | Reached skill level 10 in Necromancy
 33499 | Spider:2 | Reached skill level 10 in Translocations
 33499 | Spider:2 | Reached skill level 10 in Transmutations
 33499 | Spider:2 | Reached skill level 10 in Fire Magic
 33499 | Spider:2 | Reached skill level 10 in Ice Magic
 33499 | Spider:2 | Reached skill level 10 in Air Magic
 33499 | Spider:2 | Reached skill level 10 in Earth Magic
 33499 | Spider:2 | Reached skill level 10 in Poison Magic
 35231 | Spider:3 | Found a runed translucent gate.
 35232 | Spider:3 | Found a runed translucent gate.
 35233 | Spider:3 | Found a runed translucent gate.
 35235 | Spider:3 | Noticed croobank's ghost (journeyman FeSu)
 35844 | Spider:4 | Entered Level 4 of the Spider Nest
 35964 | Spider:3 | HP: 6/138 [meliai/+0 hand axe (6)]
 37490 | Spider:3 | Gained mutation: You are weak. (Str -2) [mutagenic glow]
 37499 | Spider:3 | Gained mutation: You are partially covered in iridescent
                  | scales. (AC +2) [mutagenic glow]
 38162 | Spider:4 | Reached XP level 18. HP: 69/146 MP: 6/34
 38697 | Spider:4 | Identified the +12 long sword of Circularity {vorpal, rN+
                  | Will+ rCorr Dex-4}
 38865 | Spider:4 | Got a gossamer rune of Zot
 39165 | Shoals:1 | Entered Level 1 of the Shoals
 39360 | Shoals:1 | Learned a level 2 spell: Ensorcelled Hibernation
 39784 | Shoals:1 | Identified the ring of Duuga {Wiz Fly rElec}
 41913 | Shoals:3 | Noticed Polyphemus
 42272 | Shoals:3 | Killed Polyphemus
 43293 | Shoals:4 | Entered Level 4 of the Shoals
 44012 | Shoals:4 | Noticed Mara
 44029 | Shoals:3 | Reached XP level 19. HP: 92/153 MP: 36/36
 44447 | Shoals:4 | Noticed stormannn's illusion
 44459 | Shoals:4 | HP: 4/153 [Mara/+1 demon blade of flaming (18)]
 44459 | Shoals:4 | Slain by a merfolk

Illustrated notes

Levels and vault maps discovered:
D:1:      dpeg_arrival_central, layout_basic
D:2:      layout_basic, hellmonk_ecumenical_altar_heavens_door,
          roderic_serpentine_path, uniq_robin
D:3:      layout_loops_corners, uniq_ijyb, uniq_natasha, uniq_grinder
D:4:      layout_rooms, minmay_temple_entry_junction, uniq_duvessa
D:5:      layout_loops_ring
D:6:      layout_loops_corners, gup_sewer_entry_spiral,
          gammafunk_ghost_nasty_kobolds
D:7:      layout_loops_cross, vehumet_altar_wand_db, marbit_many_paths
D:8:      nzn_winding_woodlands_three_and_one
          [nzn_winding_woodlands_5x15_pathside_ponds,
          nzn_winding_woodlands_5x15_jagged, nzn_winding_woodlands_5x15_default,
          nzn_winding_woodlands_center_diamonds], layout_basic, uniq_grum,
          uniq_maggie, uniq_joseph, uniq_erica, uniq_amaemon
D:9:      layout_cave_pools, erik_orc_1, serial_bayou, serial_bayou_pond_a,
          serial_bayou_pond_b, serial_bayou_pond_e, serial_bayou_pond_a
D:10:     layout_cave_pools, mainiacjoe_overflow_tiny_flanked, lair_entry_dummy,
          minivault_22
D:11:     layout_loops_ring, nooodl_orcs_dogs
D:12:     layout_big_octagon, drop_trap, uniq_kirke, uniq_urug
Temple:   hellmonk_temple_divided_pantheon
Lair:1:   layout_gridlike, kennysheep_rathole, grunt_megastairs_4
Lair:2:   layout_roguey, minivault_26, lemuel_fruit_fields
Lair:3:   layout_chaotic_city, elwin_shoals_entry_stream,
          hellmonk_spider_entry_life_and_decay
Lair:4:   layout_regular_city, grunt_megastairs_1
Lair:5:   minmay_lair_end_enchanted_forest, layout_regular_city, slime_entry_1,
          ice2_lemuel, serial_bayou_shore_b
Shoals:1: layout_shoals
Shoals:2: layout_shoals, nicolae_shoals_raging_river
Shoals:3: layout_shoals, uniq_polyphemus
Shoals:4: shoals_end_grunt_garden, layout_shoals, uniq_mara
Spider:1: layout_cave_pods
Spider:2: layout_spider_delve, uniq_aizul, uniq_agnes
Spider:3: layout_spider_delve, gammafunk_ghost_tricky_traps,
          nicolae_crawler_farm
Spider:4: grunt_spider_rune_parallel
Orc:1:    layout_diamond_mine, bh_open_orc_temple
Orc:2:    st_orc_rangers, layout_diamond_mine, nicolae_shop_overcharged_wands,
          uniq_saint_roka
Elf:1:    layout_loops_cross, serial_shops, bzr_entry_safe,
          minmay_elf_demonology, corner_web_ring
Elf:2:    elven_hall_of_blades_hangedman_original
          [nicolae_blade_entry_floor_patterns], layout_geoelf_grid
Elf:3:    minmay_elf_hall_furrowed, layout_geoelf_octagon, serial_shops,
          nicolae_shop_waterfront, nicolae_elf_big_sculpture_3,
          onia_ninara_cookie

Skill      XL: |  1  2  3  4  5  6  7  8  9 10 11 12 13 14 15 16 17 18 19 |
---------------+----------------------------------------------------------+-----
Invocations    | 1 2 3 4 5 6 7 8 9 10 11 12 13 14 | 14.3
Short Blades   | 1 2 3 4 5 6 7 8 9 10 11 12 13 | 13.2
Long Blades    | 1 2 3 4 5 6 7 8 9 10 11 12 13 | 13.2
Axes           | 1 2 3 4 5 6 7 8 9 10 11 12 13 | 13.2
Maces & Flails | 1 2 3 4 5 6 7 8 9 10 11 12 13 | 13.2
Polearms       | 1 2 3 4 5 6 7 8 9 10 11 12 13 | 13.2
Staves         | 1 2 3 4 5 6 7 8 9 10 11 12 13 | 13.2
Ranged Weapons | 1 2 3 4 5 6 7 8 9 10 11 12 13 | 13.2
Throwing       | 1 2 3 4 5 6 7 8 9 10 11 12 13 | 13.2
Dodging        | 1 2 3 4 5 6 7 8 9 10 11 12 13 | 13.2
Stealth        | 1 2 3 4 5 6 7 8 9 10 11 12 13 | 13.2
Spellcasting   | 1 2 3 4 5 6 7 8 9 10 11 12 13 | 13.2
Evocations     | 1 2 3 4 5 6 7 8 9 10 11 12 13 | 13.2
Conjurations   | 1 2 3 4 5 6 7 8 9 10 11 | 11.2
Hexes          | 1 2 3 4 5 6 7 8 9 10 11 | 11.2
Summonings     | 1 2 3 4 5 6 7 8 9 10 11 | 11.2
Necromancy     | 1 2 3 4 5 6 7 8 9 10 11 | 11.2
Translocations | 1 2 3 4 5 6 7 8 9 10 11 | 11.2
Transmutations | 1 2 3 4 5 6 7 8 9 10 11 | 11.2
Fire Magic     | 1 2 3 4 5 6 7 8 9 10 11 | 11.2
Ice Magic      | 1 2 3 4 5 6 7 8 9 10 11 | 11.2
Air Magic      | 1 2 3 4 5 6 7 8 9 10 11 | 11.2
Earth Magic    | 1 2 3 4 5 6 7 8 9 10 11 | 11.2
Poison Magic   | 1 2 3 4 5 6 7 8 9 10 11 | 11.2
Unarmed Combat | 5 6 7 8 9 10 11 12 13 14 | 14.0
Fighting       | 7 8 9 10 11 12 13 14 | 14.6
Armour         | 7 8 9 10 11 12 13 14 | 14.6
Shields        | 7 8 9 10 11 12 13 14 | 14.6

Action                   |  1- 3 |  4- 6 |  7- 9 | 10-12 | 13-15 | 16-18 | 19-21 || total
-------------------------+-------+-------+-------+-------+-------+-------+-------++-------
Melee: Unarmed           |   135 |   159 |    82 |       |     7 |       |       ||   383
       Bite              |     7 |    14 |    27 |   116 |   299 |   349 |     8 ||   820
       Hand axe          |       |       |   276 |   873 |  1608 |  1417 |     2 ||  4176
       Scimitar          |       |       |       |     7 |     5 |       |       ||    12
       Long sword        |       |       |       |       |       |   301 |       ||   301
       Trident           |       |       |       |       |       |   123 |    44 ||   167
       Morningstar       |       |       |       |       |       |    62 |       ||    62
Throw: Boomerang         |     3 |    30 |    70 |    20 |       |       |       ||   123
       Stone             |       |       |       |    12 |       |       |       ||    12
       Dart              |       |       |       |    23 |     2 |       |       ||    25
 Cast: Mephitic Cloud    |       |       |       |       |       |       |     1 ||     1
Invok: Call Merchant     |       |       |       |     1 |       |       |       ||     1
       Potion Petition   |       |       |       |       |     5 |     3 |       ||     8
       Bribe Branch      |       |       |       |       |     1 |       |       ||     1
Evoke: Wand              |       |       |     9 |     1 |    13 |       |     3 ||    26
       Condenser vane    |       |       |       |     1 |     2 |     1 |     1 ||     5
       Tin of tremorston |       |       |       |       |       |     1 |     1 ||     2
  Use: Scroll            |       |    10 |     9 |     4 |     6 |     2 |       ||    31
       Potion            |       |     3 |     3 |     3 |     4 |    11 |       ||    24
 Stab: Distracted        |       |       |       |     4 |    16 |    30 |       ||    50
       Sleeping          |       |       |       |     1 |     1 |     8 |       ||    10
       Invisible         |       |       |       |       |    10 |     1 |       ||    11
       Held in net/web   |       |       |       |       |       |     2 |       ||     2
Armor: Scale mail        |    54 |    59 |    81 |    72 |       |       |       ||   266
       Skin              |       |       |     3 |       |       |       |       ||     3
       Chain mail        |       |       |       |    97 |   241 |   478 |    21 ||   837
Dodge: Dodged            |    64 |    48 |   113 |   252 |   428 |   668 |    29 ||  1602
Block: Buckler           |    40 |    50 |   142 |   227 |       |       |       ||   459
       Reflection        |       |       |     6 |     8 |    90 |    80 |    11 ||   195
       Kite shield       |       |       |       |   207 |   894 |  1678 |    55 ||  2834
       Orb               |       |       |       |       |    12 |       |       ||    12
       Other             |       |       |       |       |     5 |       |       ||     5
